 Dungeon Crawl Stone Soup version 0.27-a0-412-g8dd771eca2 (webtiles) character file.

Game seed: 16276012143037420479

577 mobtown the Reanimator (level 7, -2/36 HPs)
             Began as a Deep Elf Necromancer on Feb 23, 2021.
             Slain by a phantom (9 damage)
             ... on level 5 of the Dungeon.
             The game lasted 00:14:00 (5821 turns).

mobtown the Reanimator (Deep Elf Necromancer)       Turns: 5821, Time: 00:14:01

Health: -2/36      AC:  4    Str:  5    XL:     7   Next: 13%
Magic:  26/26      EV: 13    Int: 28    God:
Gold:   151        SH:  0    Dex: 15    Spells: 7/16 levels left

rFire    . . .     SeeInvis .   q - +2 flail (vorpal)
rCold    . . .     Faith    .   (no shield)
rNeg     . . .     Spirit   .   a - +0 robe
rPois    .         Reflect  .   o - +0 helmet
rElec    .         Harm     .   (no cloak)
rCorr    .         Rampage  .   e - +0 pair of gloves
Will     .....                  (no boots)
Stlth    +++.......             (no amulet)
HPRegen  0.12/turn              r - +6 ring of intelligence
MPRegen  0.20/turn              t - ring of magical power

@: no status effects
A: no striking features
a: no special abilities


You were on level 5 of the Dungeon.
You visited 1 branch of the dungeon, and saw 5 of its levels.

You collected 151 gold pieces.

Inventory:

Hand Weapons
 h - a +0 dagger
 k - a +2 whip of freezing
 q - a +2 vorpal flail (weapon)
Missiles
 d - 185 stones
 g - 108 arrows
Armour
 a - a +0 robe (worn)
 e - a +0 pair of gloves (worn)
 o - a +0 helmet (worn)
Jewellery
 r - a +6 ring of intelligence (left hand)
 t - a ring of magical power (right hand)
 u - a ring of poison resistance
Wands
 v - a wand of digging (5)
Scrolls
 c - 2 scrolls of blinking {unknown}
 i - 2 scrolls of magic mapping {unknown}
 m - 4 scrolls of identify {unknown}
 p - 3 scrolls of teleportation {unknown}
 s - a scroll of fear {unknown}
Potions
 f - 3 potions of heal wounds {unknown}
 j - a potion of flight {unknown}
 n - a potion of degeneration {unknown}
 w - a potion of brilliance {unknown}


   Skills:
 + Level 0.1 Fighting
 + Level 0.4 Short Blades
 + Level 2.5 Dodging
 + Level 4.3 Stealth
 + Level 5.4 Spellcasting
 * Level 8.7 Necromancy


You had 7 spell levels left.
You knew the following spells:

 Your Spells              Type           Power        Failure   Level
a - Pain                  Necr           100%         1%          1
b - Animate Skeleton      Necr           100%         1%          1
c - Vampiric Draining     Necr           27%          1%          3
d - Animate Dead          Necr           27%          1%          4

Your spell library contained the following spells:

 Spells                   Type           Power        Failure   Level
 Agony                    Necr           54%          4%          5


Dungeon Overview and Level Annotations

Branches:
Dungeon (5/15)
 Temple: D:4-7

Altars:
Fedhas
Hepliaklqana
Nemelex Xobeh
Qazlal
Sif Muna
Zin


Message History

HP restored.
An orc comes into view. It is wielding a +0 whip.
Found a runed helmet.
A phantom comes into view.
The phantom moves out of view.
The helpless orc fails to defend itself.
You sock the orc!
You kill the orc!
The phantom misses you. The phantom hits you.
You see here a +0 whip.
You hit the phantom.
The phantom is lightly damaged.
The phantom hits you!
You closely miss the phantom.
The phantom is lightly damaged.
The phantom barely misses you. The phantom hits you!
The phantom blinks!
You blink.
You sock the phantom!
The phantom is heavily damaged.
The phantom hits you!
* * * LOW HITPOINT WARNING * * *
The phantom blinks!
You blink.
Found a club.
You feel better. The phantom barely misses you.
You closely miss the phantom.
The phantom is heavily damaged.
The phantom hits you!
You closely miss the phantom.
The phantom is heavily damaged.
The phantom misses you. The phantom closely misses you.
You closely miss the phantom.
The phantom is heavily damaged.
The phantom barely misses you.
You hit the phantom.
The phantom is severely damaged.
The phantom hits you.
* * * LOW HITPOINT WARNING * * *
The phantom blinks!
You blink.
The phantom hits you!
You die...

#.##########
#...........
#.##########
############.######
.......)............
#####....[##.#######
..........#.....
######......#..##
.......@...§...#
.#####..W.§....#
#.....#####
..........
###...).### #
####### # #


You could see a phantom.

Vanquished Creatures
  An ogre (D:4)
  A centaur (D:4)
  A scorpion (D:4)
  A hound (D:4)
  Natasha (thrice) (D:2)
  3 worker ants (D:4)
  A worker ant zombie (D:5)
  3 gnolls (D:4)
  4 adders
  A white imp (D:4)
  2 oozes
  3 dart slugs
  2 leopard geckos
  8 orcs
  4 ball pythons
  6 giant cockroaches
  8 goblins
  8 hobgoblins
  2 jackals (D:3)
  10 bats
  4 frilled lizards
  7 kobolds
  A quokka skeleton (D:4)
  9 rats
93 creatures vanquished.

Notes
Turn   | Place    | Note
-------+----------+-------------------------------------------
     0 | D:1      | mobtown the Deep Elf Necromancer began the quest for the
                  | Orb.
     0 | D:1      | Reached XP level 1. HP: 10/10 MP: 6/6
   113 | D:1      | Reached skill level 5 in Necromancy
   352 | D:1      | Reached XP level 2. HP: 12/15 MP: 5/8
  1231 | D:1      | Reached XP level 3. HP: 18/19 MP: 7/9
  1234 | D:1      | Learned a level 1 spell: Animate Skeleton
  1238 | D:1      | Learned a level 3 spell: Vampiric Draining
  1574 | D:2      | Reached skill level 6 in Necromancy
  1868 | D:2      | Noticed Natasha
  1871 | D:2      | Killed Natasha
  1963 | D:2      | Reached XP level 4. HP: 20/24 MP: 7/11
  2358 | D:2      | Found a hazy altar of Hepliaklqana.
  2358 | D:2      | Found a blossoming altar of Fedhas.
  2359 | D:2      | Found a sparkling altar of Nemelex Xobeh.
  2387 | D:2      | Noticed Natasha
  2393 | D:2      | Killed Natasha
  2609 | D:2      | Noticed Natasha
  2613 | D:2      | Killed Natasha
  2752 | D:3      | Found a glowing silver altar of Zin.
  2758 | D:3      | Reached XP level 5. HP: 25/28 MP: 10/13
  3619 | D:3      | Found a stormy altar of Qazlal.
  3619 | D:3      | Found a shimmering blue altar of Sif Muna.
  4055 | D:4      | Reached skill level 7 in Necromancy
  4273 | D:4      | Reached XP level 6. HP: 18/32 MP: 9/15
  4278 | D:4      | Learned a level 4 spell: Animate Dead
  4638 | D:4      | Reached skill level 5 in Spellcasting
  4845 | D:4      | Reached skill level 8 in Necromancy
  5141 | D:4      | Reached XP level 7. HP: 29/36 MP: 17/17
  5572 | D:5      | Entered Level 5 of the Dungeon
  5821 | D:5      | Slain by a phantom

Illustrated notes

Levels and vault maps discovered:
D:1:      minmay_arrival_jagged, layout_loops_cross, minmay_door_square
D:2:      layout_loops_corners, gammafunk_temple_overflow_claw, uniq_natasha
D:3:      layout_basic, lemuel_crystal_altar, gammafunk_temple_overflow_statue,
          chequers_serial_rivers_room_b
D:4:      layout_basic, corexii_corridor_pit, minmay_small_thing
D:5:      layout_basic, minmay_diced_spiral

Skill      XL: |  1  2  3  4  5  6 |
---------------+-------------------+-----
Necromancy     | 5 6 7 8 |  8.7
Stealth        | 3 4 |  4.3
Spellcasting   | 4 5 |  5.4
Fighting       | |  0.1
Short Blades   | |  0.4
Dodging        | |  2.5

Action                   |  1- 3 |  4- 6 |  7- 9 || total
-------------------------+-------+-------+-------++-------
Melee: Dagger            |     5 |    31 |       ||    36
       Flail             |       |       |    25 ||    25
 Cast: Pain              |    58 |    84 |     3 ||   145
       Vampiric Draining |       |     6 |       ||     6
  Use: Potion            |       |       |     3 ||     3
 Stab: Sleeping          |     4 |    11 |     1 ||    16
Armor: Robe              |     4 |     5 |     3 ||    12
Dodge: Dodged            |     6 |    38 |    21 ||    65

Table legend: (Time is in decaauts)
 A = Elapsed time spent in this place.
 B = Non-inter-level travel time spent in this place.
 C = Inter-level travel time spent in this place.
 D = Time resting spent in this place.
 E = Time spent auto-exploring this place.
 F = Levels seen in this place.
 G = Mean time per level.
                   A        B        C        D        E       F      G
               +--------+--------+--------+--------+--------+-----+--------+
         Total |   5837 |   5837 |      0 |   1463 |   3742 |   5 | 1167.4 |
       Dungeon |   5837 |   5837 |      0 |   1463 |   3742 |   5 | 1167.4 |
               +--------+--------+--------+--------+--------+-----+--------+

Top non-repeatable levels by time:
     D:4: 1669 daAuts
     D:1: 1564 daAuts
     D:3: 1256 daAuts
     D:2: 1092 daAuts
     D:5: 254 daAuts
